 Dungeon Crawl Stone Soup version 0.31-a0-750-gfe7b580527 (webtiles) character file.

Game seed: 13558242798520444175

350 Dirtsage the Chopper (level 6, -1/70 HPs)
             Began as a Demonspawn Berserker on Sept 15, 2023.
             Was a Believer of Trog.
             Killed by nerve-wracking pain
             ... invoked by Grinder
              (14 damage)
             ... on level 4 of the Dungeon.
             The game lasted 00:02:51 (2104 turns).

Dirtsage the Chopper (Demonspawn Berserker)         Turns: 2104, Time: 00:02:51

Health: -1/70      AC:  6    Str: 19    XL:     6   Next: 34%
Magic:  6/6        EV: 10    Int:  9    God:    Trog [**....]
Gold:   123        SH:  0    Dex: 12    Spells: 5/5 levels left

rFire   . . .        a - +0 hand axe
rCold   . . .        (no shield)
rNeg    . . .        l - +0 scale mail
rPois   .            j - +0 hat
rElec   .            (no cloak)
rCorr   .            (no gloves)
SInv    .            (no boots)
Will    .....        (no amulet) Stlth
                     (no ring)
HPRegen 0.31/turn    (no ring)
MPRegen 0.10/turn

%: no passive effects
@: berserking, very quick
A: horns 2, foul stench 1, spiny 1
a: Renounce Religion, Berserk, Trog's Hand


You were on level 4 of the Dungeon.
You worshipped Trog.
Trog was pleased with you.
You visited 1 branch of the dungeon, and saw 4 of its levels.

You collected 123 gold pieces.

Inventory:

Hand Weapons
 a - a +0 hand axe (weapon)
Armour
 f - a +0 ring mail
 j - a +0 hat (worn)
 l - a +0 scale mail (worn)
Scrolls
 b - a scroll of noise {unknown}
 d - 3 scrolls of teleportation {unknown}
 g - 2 scrolls of blinking {unknown}
 i - a scroll of identify {unknown}
Potions
 c - 3 potions of heal wounds {unknown}
 e - 2 potions of haste {unknown}
 h - a potion of attraction {unknown}
 k - a potion of brilliance {unknown}
 m - 2 potions of lignification {unknown}
 n - a potion of mutation {unknown}


   Skills:
 - Level 3.0 Fighting
 + Level 6.6 Axes
 - Level 1.7 Armour
 - Level 1.7 Dodging


You had 5 spell levels left.
You didn't know any spells.
Your spell library contained the following spells:

 Spells                   Type           Power      Damage    Failure   Level
 Shock                    Conj/Air       0%         1d3       77%         1
 Summon Small Mammal      Summ           0%         N/A       77%         1
 Call Canine Familiar     Summ           0%         N/A       98%         3
 Summon Guardian Golem    Hex/Summ       0%         N/A       98%         3
 Swiftness                Air            0%         N/A       98%         3
 Airstrike                Air            0%         2d(0-16)  100%        4


Dungeon Overview and Level Annotations

Branches:
Dungeon (4/15)
 Temple: D:4-7

Altars:

Annotations:
D:4 Grinder


Innate Abilities, Weirdness & Mutations

You have a pair of horns on your head.
You may rarely emit foul miasma when damaged in melee.
You are partially covered in sharp spines.


Message History

You take 11 damage, and have 36/47 hp.
MASSIVE DAMAGE!!
You recover from your berserk rage.
You hit Grinder but do no damage. Grinder hits you.
You writhe in agony.
You take 3 damage, and have 33/47 hp.
You barely miss Grinder. You headbutt Grinder.
Grinder is lightly wounded.
Grinder hits you.
You writhe in agony.
You take 7 damage, and have 26/47 hp.
You completely miss Grinder.
Grinder is lightly wounded.
Grinder is struck by your spines. Grinder closely misses you.
You hit Grinder but do no damage. Your headbutt misses Grinder.
Grinder is lightly wounded.
Grinder gestures at you. You resist with significant effort.
You closely miss Grinder.
Grinder is lightly wounded.
Grinder hits you.
You writhe in agony.
You take 10 damage, and have 17/47 hp.
MASSIVE DAMAGE!!
A red film seems to cover your vision as you go berserk!
You feel yourself moving faster!
You feel mighty! Grinder is struck by your spines.
Grinder hits you but does no damage.
You now have 26/70 hp.
You barely miss Grinder.
Grinder is lightly wounded.
Grinder barely misses you.
You hit Grinder. You headbutt Grinder!
Grinder is heavily wounded.
You slash Grinder!
Grinder is severely wounded.
Grinder gestures at you. Pain shoots through your body!
* * * LOW HITPOINT WARNING * * *
You take 14 damage, and have 13/70 hp.
You hit Grinder.
Grinder is almost dead.
Grinder gestures at you. Pain shoots through your body!
You die...
Grinder says, "Now the real fun starts!"

.......#.######
..†8...#......#
..8<8..#......#######
...8................#
.............)..##
..............#..#
....+.........##.#
....####......##.##
....# #########@.#
##### #...5...#
#........+ #........#
#........# #........#
#.........
#.....###..


You could see Grinder.

Vanquished Creatures
  A black bear (D:3)
  A phantom (D:4)
  A jelly (D:4)
  An orc wizard (D:3)
  4 adders (D:3)
  2 worms
  4 dart slugs
  4 orcs
  4 bats
  10 endoplasms
  5 giant cockroaches
  10 goblins
  6 hobgoblins
  3 quokkas
  3 ball pythons
  2 frilled lizards (D:1)
  4 kobolds
  2 rats (D:1)
67 creatures vanquished.

Notes
Turn   | Place    | Note
-------+----------+-------------------------------------------
     0 | D:1      | Dirtsage the Demonspawn Berserker began the quest for the
                  | Orb.
     0 | D:1      | Reached XP level 1. HP: 18/18 MP: 1/1
    95 | D:1      | Reached skill level 3 in Axes
   222 | D:1      | Gained mutation: You have a pair of small horns on your
                  | head. [demonic ancestry]
   222 | D:1      | Reached XP level 2. HP: 19/24 MP: 2/2
   653 | D:2      | Gained mutation: You have a pair of horns on your head.
                  | [demonic ancestry]
   653 | D:2      | Reached XP level 3. HP: 25/29 MP: 3/3
   657 | D:2      | Reached ** piety under Trog
   753 | D:2      | Reached skill level 4 in Axes
  1269 | D:3      | Gained mutation: You may rarely emit foul miasma when
                  | damaged in melee. [demonic ancestry]
  1269 | D:3      | Reached XP level 4. HP: 28/35 MP: 4/4
  1331 | D:3      | Reached skill level 5 in Axes
  1493 | D:3      | Noticed a black bear
  1503 | D:3      | Killed a black bear
  1504 | D:3      | Gained mutation: You are partially covered in sharp spines.
                  | [demonic ancestry]
  1504 | D:3      | Reached XP level 5. HP: 38/41 MP: 5/5
  1597 | D:3      | Reached skill level 6 in Axes
  2029 | D:4      | Noticed a phantom
  2032 | D:4      | Reached XP level 6. HP: 47/47 MP: 6/6
  2089 | D:4      | Noticed Grinder
  2104 | D:4      | Killed from afar by Grinder

Illustrated notes

Levels and vault maps discovered:
D:1:      mrwooster_arrival_statue_2, layout_basic
D:2:      layout_basic
D:3:      layout_loops_cross
D:4:      gammafunk_steamed_eel, layout_basic, temple_fountains,
          kennysheep_donut, st_stairs_14, minmay_mini_ossuary, uniq_grinder

Skill      XL: |  1  2  3  4  5 |
---------------+----------------+-----
Axes           | 3 4 5 6 |  6.6
Fighting       | |  3.0
Armour         | |  1.7
Dodging        | |  1.7

Action                     |  1- 3 |  4- 6 || total
---------------------------+-------+-------++-------
  Melee: Hand axe          |   113 |    78 ||   191
         Headbutt          |    12 |    15 ||    27
 Invoke: Berserk           |       |     3 ||     3
 Armour: Animal skin       |    10 |       ||    10
         Leather armour    |     4 |       ||     4
         Ring mail         |    58 |    35 ||    93
         Scale mail        |       |    10 ||    10
  Dodge: Dodged            |    52 |    41 ||    93

Table legend: (Time is in decaauts)
 A = Elapsed time spent in this place.
 B = Non-inter-level travel time spent in this place.
 C = Inter-level travel time spent in this place.
 D = Time resting spent in this place.
 E = Time spent auto-exploring this place.
 F = Levels seen in this place.
 G = Mean time per level.
                   A        B        C        D        E       F      G
               +--------+--------+--------+--------+--------+-----+--------+
         Total |   2132 |   2088 |     44 |     78 |   1593 |   4 |  533.0 |
       Dungeon |   2132 |   2088 |     44 |     78 |   1593 |   4 |  533.0 |
               +--------+--------+--------+--------+--------+-----+--------+

Top non-repeatable levels by time:
     D:3: 846 daAuts
     D:1: 602 daAuts
     D:2: 599 daAuts
     D:4: 84 daAuts
